 Dungeon Crawl Stone Soup version 0.23.1 (webtiles) character file.

Game seed: 5735091961978837927

12 Borgoz the Sneak (level 2, 0/20 HPs)
             Began as a Ghoul Enchanter on Mar 4, 2019.
             Slain by a bat (1 damage)
             ... on level 1 of the Dungeon.
             The game lasted 00:01:14 (256 turns).

Borgoz the Sneak (Ghoul Enchanter)                   Turns: 256, Time: 00:01:15

Health: 0/20       AC:  2    Str: 11    XL:     2   Next: 33%
Magic:  2/3        EV: 12    Int: 10    God:
Gold:   7          SH:  0    Dex:  9    Spells: 3/4 levels left

rFire    . . .     SeeInvis .   a - +1 dagger
rCold    + . .     Gourm    .   (no shield)
rNeg     + + +     Faith    .   b - +0 robe
rPois    ∞         Spirit   .   (no helmet)
rElec    .         Reflect  .   (no cloak)
rCorr    .         Harm     .   (no gloves)
MR       .....                  (no boots)
Stlth    ++........             (no amulet)
HPRegen  0.00/turn              (no ring)
MPRegen  0.08/turn              (no ring)

@: rotting
A: rotting body, claws 1, carnivore, cold resistance 1, negative energy
resistance 3, inhibited regeneration, torment resistance, unbreathing
a: no special abilities


You were on level 1 of the Dungeon.
You were not hungry.

You visited 1 branch of the dungeon, and saw 1 of its levels.

You collected 7 gold pieces.

Inventory:

Hand Weapons
 a - a +1 dagger (weapon)
Armour
 b - a +0 robe (worn)
Scrolls
 e - a scroll of remove curse {unknown}
 g - a scroll of identify {unknown}
Potions
 c - a potion of might {unknown}
Comestibles
 d - 2 rations


   Skills:
 * Level 1.0 Short Blades
 * Level 1.8 Dodging
 + Level 3.4 Stealth
 + Level 1.8 Spellcasting
 + Level 2.8 Hexes


You had 3 spell levels left.
You knew the following spells:

 Your Spells              Type           Power        Failure   Level  Hunger
a - Corona                Hex            #......      10%         1    ##.....

Your spell library contained the following spells:

 Spells                   Type           Power        Failure   Level  Hunger
 Ensorcelled Hibernation  Hex/Ice        #.....       26%         2    ###....
 Confuse                  Hex            #.......     30%         3    ####...
 Tukima's Dance           Hex            #.......     30%         3    ####...
 Dazzling Spray           Conj/Hex       #.....       47%         3    ####...


Dungeon Overview and Level Annotations

Branches:
Dungeon (1/15)

Altars:


Innate Abilities, Weirdness & Mutations

Your body is rotting away.
You thrive on raw meat.
You are immune to poison.
You have sharp fingernails.
You are carnivorous and can eat meat at any time.
Your flesh is cold resistant. (rC+)
You are immune to negative energy. (rN+++)
You do not regenerate when monsters are visible.
You are immune to unholy pain and torment.
You can survive without breathing.


Message History

* * * LOW HITPOINT WARNING * * *
The bat hits you but does no damage.
Okay, then.
The bat closely misses you. The bat hits you but does no damage.
The bat hits you.
* * * LOW HITPOINT WARNING * * *
You see here a bat corpse.
You butcher the bat corpse.
The bat stops glowing.
The bat closely misses you.
Things that are here:
a chunk of flesh; a bat skeleton Eat a chunk of flesh? (ye/n/q)
You eat the chunk of flesh.
You feel more resilient.
This raw flesh tastes great!
The bat hits you but does no damage.
Okay, then.
You hit the bat.
The bat is severely wounded.
The bat hits you.
* * * LOW HITPOINT WARNING * * *
The bat misses you. The bat hits you.
You die...

.....# .....#
################# .....#
#................ .....#
#................
.....###................
###....#.....$..........
#....#.......(........
###....#................
...............÷@.>.....
###....#.......b(.......
#....#................ #
#....#................ #
#....###########...... #
#....# ...... ###....#
...... .##....# .....?
.## #.#


You could see a bat.

Vanquished Creatures
  An ooze (D:1)
  A goblin (D:1)
  A bat (D:1)
  A frilled lizard (D:1)
  3 kobolds (D:1)
  3 rats (D:1)
10 creatures vanquished.

Notes
Turn   | Place    | Note
-------+----------+-------------------------------------------
     0 | D:1      | Borgoz the Ghoul Enchanter began the quest for the Orb.
     0 | D:1      | Reached XP level 1. HP: 14/14 MP: 2/2
    62 | D:1      | Reached skill level 1 in Short Blades
    72 | D:1      | Reached XP level 2. HP: 8/20 MP: 1/3
   255 | D:1      | HP: 1/20 [bat (1)]
   256 | D:1      | Slain by a bat

Skill      XL: |  1 |
---------------+----+-----
Short Blades   | 1 |  1.0
Dodging        | |  1.8
Stealth        | |  3.4
Spellcasting   | |  1.8
Hexes          | |  2.8

Action                   || total
-------------------------++-------
Melee: Dagger            ||    51
 Cast: Corona            ||     7
  Eat: Chunk             ||     3
Armor: Robe              ||    19
Dodge: Dodged            ||    50
